 Dungeon Crawl Stone Soup version 0.29-a0-551-gffc1d7fb78 (webtiles) character file.

Game seed: 9785608412265092319

2501 Gwenloh the Spear-Bearer (level 9, 0/71 (73) HPs)
             Began as a Merfolk Berserker on June 5, 2022.
             Was a Believer of Trog.
             Slain by a wight
             ... wielding a +3 mace
              (1 damage)
             ... on level 7 of the Dungeon.
             The game lasted 00:13:18 (7343 turns).

Gwenloh the Spear-Bearer (Merfolk Berserker)        Turns: 7343, Time: 00:13:18

HP:   0/71 (73)     AC:  4    Str: 17    XL:     9   Next: 53%
MP:   9/9           EV: 16    Int:  7    God:    Trog [**....]
Gold: 301           SH:  0    Dex: 17    Spells: 8/8 levels left

rFire   . . .      SeeInvis .   a - +1 spear (vorpal)
rCold   . . .      Faith    .   (no shield)
rNeg    . . .      Spirit   .   D - +0 troll leather armour
rPois   .          Reflect  .   (no helmet)
rElec   .          Harm     .   (no cloak)
rCorr   .          Rampage  .   (no gloves)
Will    .....                   (no boots)
Stlth   +.........              (no amulet)
HPRegen 1.01/turn               (no ring)
MPRegen 0.11/turn               (no ring)

@: on berserk cooldown, slowed, lightly drained, very slow
A: (nimble swimmer 2), mertail
a: Renounce Religion, Berserk, Trog's Hand


You were on level 7 of the Dungeon.
You worshipped Trog.
Trog was pleased with you.
You visited 1 branch of the dungeon, and saw 7 of its levels.

You collected 323 gold pieces.
You spent 22 gold pieces at shops.

Inventory:

Hand Weapons
 a - a +1 vorpal spear (weapon)
Missiles
 g - 300 stones (quivered)
 h - 6 javelins
 i - 5 silver javelins
Armour
 b - a +0 animal skin
 r - a +0 ring mail
 D - a +0 troll leather armour (worn)
Jewellery
 y - a +6 ring of dexterity
Wands
 B - a wand of paralysis (1)
 C - a wand of polymorph (10)
 E - a wand of iceblast (4)
Scrolls
 d - 7 scrolls of teleportation
 e - a scroll of silence
 l - a scroll of magic mapping
 m - a scroll of amnesia {unknown}
 p - a scroll of fear {unknown}
 q - a scroll of enchant weapon {unknown}
 t - 2 scrolls of poison
 u - a scroll of fog {unknown}
 v - a scroll of noise {unknown}
 w - a scroll of torment {unknown}
Potions
 c - 2 potions of curing
 f - 2 potions of might {unknown}
 j - a potion of lignification {unknown}
 k - 2 potions of attraction
 n - a potion of heal wounds {unknown}
 o - a potion of berserk rage {unknown}
 s - 2 potions of resistance {unknown}
 x - a potion of magic {unknown}
 z - a potion of brilliance {unknown}
 A - 2 potions of flight {unknown}


   Skills:
 + Level 7.7 Fighting
 + Level 9.2 Polearms
 + Level 6.0 Throwing
 - Level 1.3 Armour
 + Level 8.7 Dodging


You had 8 spell levels left.
You didn't know any spells.
Your spell library contained the following spells:

 Spells                   Type           Power      Damage    Failure   Level
 Sting                    Tmut/Pois      0%         1d3       50%         1
 Poisonous Vapours        Pois/Air       0%         N/A       63%         2
 Sublimation of Blood     Necr           0%         N/A       63%         2
 Olgreb's Toxic Radiance  Pois           0%         N/A       99%         4
 Petrify                  Tmut/Erth      0%         N/A       99%         4
 Irradiate                Conj/Tmut      0%         3d13      100%        5


Dungeon Overview and Level Annotations

Branches:
Dungeon (7/15)             Temple (0/1) D:6

Altars:
Cheibriados
Fedhas
Gozag
Makhleb
Nemelex Xobeh
Okawaru
Xom

Shops:
D:1 *=*=(   D:4 :   D:5 [

Annotations:
D:7 2 transporters, dezertu's ghost, novice SpHu


Innate Abilities, Weirdness & Mutations

((You are very nimble when in or above water. (Stealth+, EV+, Speed+++)))
Your lower body shifts to a powerful aquatic tail in water.


Message History

a +2 long sword; a +0 robe
Found a sapphire potion.
You feel a strong urge to attack something.
You feel your anger nearly subside.
You are no longer berserk.
You are exhausted.
You feel yourself slow down. 2 wights come into view.
Found a wand of iceblast (10).
The sky beast barely misses you.
The wight hits you from afar with a +3 spear!
You closely miss the sky beast. The wight barely misses you.
The sky beast barely misses you.
You hit the sky beast.
The sky beast is moderately wounded.
The wight hits you from afar with a +3 spear!
You feel drained. The sky beast completely misses you.
You hit the sky beast.
The sky beast is moderately wounded.
The wight completely misses you.
The sky beast hits you but does no damage.
You hit the sky beast.
The sky beast is heavily wounded.
The wight hits you with a +3 mace! The wight barely misses you.
The sky beast misses you.
You miss the sky beast.
The sky beast is heavily wounded.
The wight hits you from afar with a +3 spear!
* * * LOW HITPOINT WARNING * * *
The sky beast hits you but does no damage.
You hit the sky beast but do no damage.
The sky beast is heavily wounded.
The wight barely misses you. The wight misses you. The sky beast hits you.
* * * LOW HITPOINT WARNING * * *
The sky beast shocks you.
* * * LOW HITPOINT WARNING * * *
You barely miss the sky beast.
The sky beast is heavily wounded.
The wight hits you from afar with a +3 spear.
* * * LOW HITPOINT WARNING * * *
The wight hits you with a +3 mace.
You die...

#...#..##.# ..#. .
#...#$........#..## .#
#..©#?...©..!.#©..##
...#...#!........#....
...<...#..##.##..#..#
>.###..#8.##.##.8#..#
.$.....##...zgDW##..#
..###...#########Y[.##..
.............).z@.....#
..####......)......(.#.#
###########z..!##
......# #.#.#.# .......#
.#.#.#.# ./......#


You could see a steam dragon, a sky beast, a gnoll sergeant, 3 wights and
dezertu's ghost.

Vanquished Creatures
  A troll (D:7)
  Edmund (D:6)
  3 water moccasins (D:7)
  An orc warrior (D:7)
  3 black bears
  A centaur (D:5)
  3 necrophages
  2 bullfrogs (D:7)
  5 scorpions
  3 wights (D:7)
  A killer bee (D:7)
  A howler monkey (D:5)
  A jelly (D:7)
  A gnoll shaman (D:7)
  7 hounds
  3 iguanas
  8 adders
  8 gnolls
  2 worms
  A dart slug (D:4)
  6 orcs
  9 endoplasms
  3 giant cockroaches
  6 goblins
  9 hobgoblins
  4 jackals (D:4)
  3 kobolds
  5 quokkas
  7 ball pythons
  6 bats
  4 frilled lizards
  6 rats
124 creatures vanquished.

Notes
Turn   | Place    | Note
-------+----------+-------------------------------------------
     0 | D:1      | Gwenloh the Merfolk Berserker began the quest for the Orb.
     0 | D:1      | Reached XP level 1. HP: 18/18 MP: 1/1
   233 | D:1      | Reached XP level 2. HP: 24/24 MP: 2/2
   278 | D:1      | Found Kujeehof's General Store.
   280 | D:1      | Found Plog's Antique Weapon Shop.
   301 | D:1      | Found Jasih's Jewellery Boutique.
   636 | D:1      | Found Odghuxun's Jewellery Shop.
   660 | D:1      | Reached XP level 3. HP: 26/30 MP: 3/3
   769 | D:1      | Found a faded altar of an unknown god.
   843 | D:1      | Bought a scroll of identify for 22 gold pieces
   979 | D:1      | Found Ragi's General Store.
  1332 | D:2      | Reached ** piety under Trog
  1541 | D:2      | Found an iron altar of Okawaru.
  1548 | D:2      | Reached skill level 1 in Throwing
  1548 | D:2      | Reached XP level 4. HP: 33/37 MP: 4/4
  2214 | D:2      | Reached skill level 5 in Polearms
  2492 | D:3      | Reached XP level 5. HP: 41/42 MP: 5/5
  2649 | D:3      | Found a shimmering altar of Xom.
  2844 | D:3      | Found a snail-covered altar of Cheibriados.
  3001 | D:3      | Found a burning altar of Makhleb.
  3010 | D:3      | Found a blossoming altar of Fedhas.
  3313 | D:4      | Found Hepok's Book Shop.
  3848 | D:4      | Reached XP level 6. HP: 49/49 MP: 6/6
  4008 | D:5      | Entered Level 5 of the Dungeon
  4032 | D:5      | Found Maucvih's Antique Armour Emporium.
  4214 | D:5      | Noticed a black bear
  4222 | D:5      | Killed a black bear
  4223 | D:5      | Reached skill level 5 in Fighting
  4223 | D:5      | Reached skill level 6 in Polearms
  4223 | D:5      | Reached skill level 5 in Dodging
  4442 | D:5      | Reached XP level 7. HP: 56/56 MP: 7/7
  4760 | D:5      | Found a sparkling altar of Nemelex Xobeh.
  4941 | D:6      | Noticed Edmund
  4949 | D:6      | Killed Edmund
  5029 | D:6      | Reached skill level 7 in Polearms
  5053 | D:6      | Found an opulent altar of Gozag.
  5071 | D:6      | Found a staircase to the Ecumenical Temple.
  5188 | D:6      | Reached XP level 8. HP: 22/64 MP: 8/8
  6396 | D:7      | Reached skill level 8 in Polearms
  6691 | D:7      | Reached skill level 5 in Throwing
  6695 | D:7      | Noticed a troll
  6717 | D:7      | Reached *** piety under Trog
  6718 | D:7      | Reached XP level 9. HP: 64/72 MP: 9/9
  6991 | D:7      | Killed a troll
  6992 | D:7      | Reached skill level 9 in Polearms
  7284 | D:7      | Found a transporter.
  7288 | D:7      | Found a transporter.
  7296 | D:7      | Noticed dezertu's ghost (novice SpHu)
  7343 | D:7      | HP: 1/71 [wight/+3 spear (6)]
  7343 | D:7      | Slain by a wight

Illustrated notes

Levels and vault maps discovered:
D:1:      dpeg_arrival_brainrot, layout_rooms,
          shapermc_ecumenical_altar_notcrosses, serial_shops,
          nicolae_diamond_shop, shop, nicolae_shop_trees, shop, shop, hex_tiny,
          serial_bayou_pond_a
D:2:      layout_basic, basic_altar, minivault_23
D:3:      layout_rooms, amcnicky_altar_gilded, mainiacjoe_overflow_brackets,
          mainiacjoe_overflow_swirl, feat_on_display
D:4:      layout_basic, serial_shops, nicolae_shop_waterfront,
          nicolae_elevator_lobby_asterisk
D:5:      layout_basic, nemelex_xobeh_ov_fountains_minmay, serial_shops,
          nicolae_shop_window_shopping
D:6:      layout_loops_ring, lemuel_coloured_pillars_altar,
          minmay_temple_entry_wispy, uniq_edmund
D:7:      minmay_clustersquares, layout_loops_ring, gammafunk_ghost_arena,
          serial_co_window_serial, co_window_paths_a, co_window_paths_a,
          co_window_corner_a, co_window_paths_a, co_window_paths_a,
          co_window_corner_b, co_window_broadway_c, co_window_broadway_b,
          co_window_2corner, co_window_corner_b, co_window_2corner,
          glass_columns_c, glass_columns_a, glass_columns_c, glass_columns_c

Skill      XL: |  1  2  3  4  5  6  7  8  9 |
---------------+----------------------------+-----
Dodging        | 3 4 5 6 7 8 |  8.7
Throwing       | 1 2 3 5 6 |  6.0
Fighting       | 4 5 7 |  7.7
Polearms       | 5 6 7 8 9 |  9.2
Armour         | |  1.3

Action                   |  1- 3 |  4- 6 |  7- 9 || total
-------------------------+-------+-------+-------++-------
Melee: Spear             |    88 |   153 |   247 ||   488
       Punch             |       |     1 |     2 ||     3
Throw: Stone             |    60 |    93 |    39 ||   192
       Javelin           |     3 |       |       ||     3
Invok: Berserk           |     1 |     3 |     6 ||    10
       Trog's Hand       |       |       |     5 ||     5
  Use: Scroll            |     3 |     1 |     2 ||     6
       Potion            |       |       |     1 ||     1
 Stab: Sleeping          |     1 |       |       ||     1
Armor: Animal skin       |    10 |     4 |       ||    14
       Ring mail         |       |    20 |    19 ||    39
       Troll leather arm |       |       |     2 ||     2
Dodge: Dodged            |    20 |    50 |   117 ||   187

Table legend: (Time is in decaauts)
 A = Elapsed time spent in this place.
 B = Non-inter-level travel time spent in this place.
 C = Inter-level travel time spent in this place.
 D = Time resting spent in this place.
 E = Time spent auto-exploring this place.
 F = Levels seen in this place.
 G = Mean time per level.
                   A        B        C        D        E       F      G
               +--------+--------+--------+--------+--------+-----+--------+
         Total |   7310 |   7075 |    235 |    448 |   5456 |   7 | 1044.3 |
       Dungeon |   7310 |   7075 |    235 |    448 |   5456 |   7 | 1044.3 |
               +--------+--------+--------+--------+--------+-----+--------+

Top non-repeatable levels by time:
     D:1: 1527 daAuts
     D:7: 1316 daAuts
     D:6: 1059 daAuts
     D:2: 975 daAuts
     D:5: 921 daAuts
     D:4: 867 daAuts
     D:3: 643 daAuts
